 Dungeon Crawl Stone Soup version 0.23-a0-760-g92239d2 (webtiles) character file.

700031 SmSkdm the Black Belt (level 27, -2/291 HPs)
             Began as a Kitsune Transmuter on May 25, 2019.
             Was the Champion of Wu Jian.
             Slain by a tengu reaver
             ... wielding a +2 vampiric broad axe
              (5 damage)
             ... on level 5 of the Vaults on June 29, 2019.
             The game lasted 07:52:13 (72598 turns).

SmSkdm the Black Belt (Kitsune Transmuter)         Turns: 72598, Time: 07:52:13

Health: -2/291     AC: 16    Str: 35    XL:     27
Magic:  34/41      EV: 16    Int: 20    God:    Wu Jian [******]
Gold:   4062       SH:  0    Dex: 23    Spells: 5/63 levels left

rFire    + + .     SeeInvis .     - Unarmed
rCold    . . .     Gourm    .   (shield currently unavailable)
rNeg     + . .     Faith    .   (armour currently unavailable)
rPois    +         Spirit   .   (helmet currently unavailable)
rElec    +         Reflect  .   (cloak currently unavailable)
rCorr    .         Harm     .   (gloves currently unavailable)
MR       ++++.                  (boots currently unavailable)
Stlth    +++++++...             F - amulet of rage
HPRegen  0.00/turn              U - ring of Okawaru's Fury {+Blink rElec rPois rC+ rN+}
MPRegen  0.27/turn              G - ring "Atabimn" {+Fly Str+10 Stlth-}

@: about to teleport, dragon-form, flying, very slightly contaminated, invisible
A: giant, charm monsters, no helmets, thin skeletal structure 1, agile 1, low mp
1, inhibited regeneration, MP-powered wands
}: 4/15 runes: decaying, serpentine, obsidian, bone
a: Charm Monsters, End Transformation, Wall Jump, Serpent's Lash, Heavenly
Storm, Renounce Religion, Breathe Fire, Evoke Blink, Evoke Berserk Rage, Stop
Flying


You were on level 5 of the Vaults.
You worshipped Wu Jian.
Wu Jian was exalted by your worship.
You were full.
You were a fearsome dragon!
You visited 13 branches of the dungeon, and saw 63 of its levels.
You visited the Abyss 1 time.
You visited 1 bazaar.
You also visited: Trove, Ice Cave and Volcano.

You collected 9524 gold pieces.
You spent 5462 gold pieces at shops.

Inventory:

Hand Weapons
 l - the +7 sceptre of Asmodeus
   (You took it off Asmodeus on level 7 of Gehenna)
 V - the +1 whip "Imp's Doom" {elec, -Tele rPois rN+}
   (You took it off a big kobold on level 7 of the Dungeon)

   Occasionally, upon striking a foe, it will discharge some electrical energy
   and cause terrible harm.
   It protects you from poison.
   It protects you from negative energy.
   It prevents most forms of teleportation.
Missiles
 T - 1851 arrows
Armour
 c - the +1 hat of the Pleiades {+Fly rN+ Dex+3}
   (You acquired it on level 4 of the Depths)

   It affects your dexterity (+3).
   It protects you from negative energy.
   It lets you fly.
 p - the +10 pearl dragon scales of Absence (melded) {rF+ rN+ Int+2}
   (You found it on level 3 of the Elven Halls)

   It affects your intelligence (+2).
   It protects you from fire.
   It protects you from negative energy.
 s - the +0 hat "Koaqor" (melded) {*Slow +Blink MR++ SInv}
   (You found it on level 4 of the Swamp)

   It affects your resistance to hostile enchantments.
   It lets you see invisible.
   It lets you blink.
   It may slow you when you take damage.
 t - a +2 pair of boots of flying (melded)
 y - a scarf of spirit shield (melded)
 E - a scarf of cloud immunity
 I - +1 steam dragon scales
 L - a +5 shield of reflection (melded)
 W - the +2 pair of gloves of Dim Light (melded) {MR+ rCorr}
   (You bought it in a shop on level 2 of the Orcish Mines)

   It affects your resistance to hostile enchantments.
   It provides partial protection from all sources of acid and corrosion.
Magical Staves
 a - an uncursed staff of energy
 b - an uncursed staff of wizardry (melded)
Jewellery
 n - an uncursed ring of resist corrosion
 o - the ring "Disk" {rF+ Str+3}
   (You found it on level 3 of the Depths)

   [ring of protection from fire]

   It affects your strength (+3).
   It protects you from fire.
 A - an uncursed ring of see invisible
 D - the ring "Acoithraq" {rF- MR+ Dex+6 Slay+2}
   (You found it on level 7 of Tartarus)

   [ring of dexterity]

   It affects your dexterity (+6).
   It affects your accuracy and damage with ranged weapons and melee attacks
   (+2).
   It makes you vulnerable to fire.
   It affects your resistance to hostile enchantments.
 F - an amulet of rage (around neck)
 G - the ring "Atabimn" (right foreclaw) {+Fly Str+10 Stlth-}
   (You took it off a spriggan on level 1 of the Lair of Beasts)

   [ring of flight]

   It affects your strength (+10).
   It lets you fly.
   It makes you less stealthy.
 M - the ring "Mopes" {*Slow rF+ Dex+3 Slay+3}
   (You took it off Asmodeus on level 7 of Gehenna)

   [ring of protection from fire]

   It affects your dexterity (+3).
   It affects your accuracy and damage with ranged weapons and melee attacks
   (+3).
   It protects you from fire.
   It may slow you when you take damage.
 U - the ring of Okawaru's Fury (left foreclaw) {+Blink rElec rPois rC+ rN+}
   (You found it on level 14 of the Dungeon)

   [ring of poison resistance]

   It protects you from cold.
   It insulates you from electricity.
   It protects you from poison.
   It protects you from negative energy.
   It lets you blink.
Wands
 h - a wand of flame (103)
 m - a wand of disintegration (57)
 u - a wand of acid (20)
 C - a wand of scattershot (4)
 J - a wand of iceblast (60)
 K - a wand of digging (9)
 Q - a wand of polymorph (26)
Scrolls
 e - 4 scrolls of teleportation
 f - 5 scrolls of fog
 g - 7 scrolls of identify
 i - 6 scrolls of fear
 q - 22 scrolls of remove curse
 r - 8 scrolls of immolation
 v - 9 scrolls of amnesia
 H - 2 scrolls of holy word
 R - 4 scrolls of magic mapping
 X - 2 scrolls of summoning
 Z - 5 scrolls of blinking
Potions
 j - 16 potions of curing
 k - 4 potions of might
 z - 7 potions of lignification
 B - 6 potions of brilliance
 O - 4 potions of resistance
 P - 5 potions of haste
 S - a potion of berserk rage
 Y - 3 potions of magic
Miscellaneous
 N - a lamp of fire
Comestibles
 d - 37 rations


   Skills:
 + Level 17.7 Fighting
 - Level 6.5 Armour
 + Level 14.3 Dodging
 + Level 17.7 Stealth
 + Level 13.8 Shields
 + Level 19.1 Unarmed Combat
 - Level 18.6 Spellcasting
 - Level 6.4 Hexes
 - Level 5.0 Charms
 + Level 13.6 Necromancy
 - Level 6.1 Translocations
 + Level 17.7 Transmutations
 - Level 8.9 Ice Magic
 - Level 8.9 Earth Magic
 - Level 4.6 Evocations


You had 5 spell levels left.
You knew the following spells:

 Your Spells              Type           Power        Failure   Level  Hunger
a - Statue Form           Tmut/Erth      ######...    1%          6    ####...
b - Sticks to Snakes      Tmut           ######..     0%          2    None
c - Spider Form           Tmut/Pois      ######....   1%          3    None
d - Confusing Touch       Hex            #####.       1%          1    None
e - Blade Hands           Tmut           ######....   1%          5    ##.....
f - Petrify               Tmut/Erth      ######..     1%          4    None
g - Yara's Violent Unrav  Hex/Tmut       ######....   1%          5    ##.....
h - Dragon Form           Tmut           ######....   1%          7    ######.
i - Regeneration          Chrm/Necr      ######....   1%          3    None
j - Borgnjor's Vile Clut  Necr/Erth      ######....   1%          5    ##.....
k - Lesser Beckoning      Tloc           #####.....   1%          3    None
l - Metabolic Englaciati  Hex/Ice        #####.....   3%          5    ##.....
m - Necromutation         Tmut/Necr      ######....   30%         8    #######
n - Apportation           Tloc           #####.       1%          1    None

Your spell library contained the following spells:

 Spells                   Type           Power        Failure   Level  Hunger
 Animate Skeleton         Necr           N/A          0%          1    None
 Beastly Appendage        Tmut           ######       0%          1    None
 Pain                     Necr           ####         0%          1    None
 Corpse Rot               Necr           N/A          0%          2    None
 Sublimation of Blood     Necr           ######....   0%          2    None
 Corona                   Hex            #####..      1%          1    None
 Infusion                 Chrm           ####         1%          1    None
 Sandblast                Erth           ######       1%          1    None
 Blink                    Tloc           N/A          1%          2    None
 Ensorcelled Hibernation  Hex/Ice        #####.       1%          2    None
 Passwall                 Tmut/Erth      ######..     1%          2    None
 Shroud of Golubria       Chrm/Tloc      #####.....   1%          2    None
 Slow                     Hex            #####...     1%          2    None
 Song of Slaying          Chrm           #####...     1%          2    None
 Swiftness                Chrm/Air       ####....     1%          2    None
 Throw Frost              Conj/Ice       #####.       1%          2    None
 Confuse                  Hex            #####...     1%          3    None
 Gell's Gravitas          Tloc           #####.....   1%          3    None
 Portal Projectile        Hex/Tloc       #####.       1%          3    None
 Spectral Weapon          Hex/Chrm       #####...     1%          3    None
 Stone Arrow              Conj/Erth      #####.       1%          3    None
 Tukima's Dance           Hex            #####...     1%          3    None
 Vampiric Draining        Necr           ######....   1%          3    None
 Animate Dead             Necr           N/A          1%          4    None
 Cause Fear               Hex            #####.....   1%          4    None
 Ice Form                 Ice/Tmut       ######..     1%          4    None
 Leda's Liquefaction      Hex/Erth       #####.....   1%          4    None
 Agony                    Necr           ######..     1%          5    ##.....
 Alistair's Intoxication  Tmut/Pois      ######..     1%          5    ##.....
 Dispel Undead            Necr           ######..     1%          5    ##.....
 Excruciating Wounds      Chrm/Necr      ######....   1%          5    ##.....
 Irradiate                Conj/Tmut      ######....   1%          5    ##.....
 Lee's Rapid Deconstruct  Erth           ######....   1%          5    ##.....
 Inner Flame              Hex/Fire       ####....     2%          3    None
 Recall                   Summ/Tloc      N/A          2%          3    None
 Summon Guardian Golem    Hex/Summ       ####....     2%          3    None
 Passage of Golubria      Tloc           N/A          2%          4    None
 Flame Tongue             Conj/Fire      ###..        3%          1    None
 Shock                    Conj/Air       ###.         3%          1    None
 Summon Butterflies       Summ           ###.....     3%          1    None
 Summon Small Mammal      Summ           ###.         3%          1    None
 Call Imp                 Summ           ###.....     4%          2    None
 Poisonous Vapours        Pois/Air       ###...       4%          2    None
 Throw Flame              Conj/Fire      ###...       4%          2    None
 Summon Ice Beast         Ice/Summ       #####...     4%          4    None
 Bolt of Draining         Conj/Necr      #####.....   4%          5    ##.....
 Call Canine Familiar     Summ           ###.....     9%          3    None
 Conjure Flame            Conj/Fire      ###.....     9%          3    None
 Mephitic Cloud           Conj/Pois/Air  ###.....     9%          3    None
 Static Discharge         Conj/Air       ###.....     9%          3    None
 Summon Forest            Summ/Tloc      ####......   22%         5    ##.....
 Summon Mana Viper        Hex/Summ       ####....     22%         5    ##.....
 Bolt of Magma            Conj/Fire/Erth ####......   24%         5    ##.....
 Airstrike                Air            ###.......   28%         4    None
 Sticky Flame             Conj/Fire      ###.....     28%         4    None
 Summon Lightning Spire   Summ/Air       ###.....     28%         4    None
 Iskenderun's Battlesphe  Conj/Chrm      ####....     28%         5    ##.....
 Aura of Abjuration       Summ           ###.......   63%         5    ##.....
 Fireball                 Conj/Fire      ###.......   63%         5    ##.....
 Lightning Bolt           Conj/Air       ###.......   63%         5    ##.....
 Summon Demon             Summ           ###.......   63%         5    ##.....
 Venom Bolt               Conj/Pois      ###.......   63%         5    ##.....
 Death Channel            Necr           ######....   1%          6    ####...
 Hydra Form               Tmut           ######....   1%          6    ####...
 Simulacrum               Ice/Necr       ######....   4%          6    ####...
 Ozocubu's Refrigeration  Ice            ######....   12%         6    ####...
 Darkness                 Hex            #####.....   30%         6    ####...
 Invisibility             Hex            #####...     30%         6    ####...
 Bolt of Cold             Conj/Ice       #####.....   56%         6    ####...
 Iron Shot                Conj/Erth      #####.....   56%         6    ####...
 Borgnjor's Revivificati  Necr           ######....   56%         8    #######
 Infestation              Necr           ######....   56%         8    #######
 Freezing Cloud           Conj/Ice/Air   ####......   78%         6    ####...
 Haunt                    Necr/Summ      #####.....   83%         7    ######.
 Bolt of Fire             Conj/Fire      ###.......   99%         6    ####...
 Shadow Creatures         Summ           N/A          99%         6    ####...
 Death's Door             Chrm/Necr      ######....   99%         8    #######
 Malign Gateway           Summ/Tloc      ####......   100%        7    ######.
 Monstrous Menagerie      Summ           ###.......   100%        7    ######.
 Orb of Destruction       Conj           ###.......   100%        7    ######.
 Ring of Flames           Chrm/Fire      ####......   100%        7    ######.
 Spellforged Servitor     Conj/Summ      ###.......   100%        7    ######.
 Summon Greater Demon     Summ           ###.......   100%        7    ######.
 Controlled Blink         Tloc           N/A          100%        8    #######
 Discord                  Hex            #####.....   100%        8    #######
 Disjunction              Tloc           #####.....   100%        8    #######
 Ignition                 Fire           ###.......   100%        8    #######
 Summon Horrible Things   Summ           ###.......   100%        8    #######
 Dragon's Call            Summ           ###.......   100%        9    #######
 Shatter                  Erth           ######....   100%        9    #######
 Tornado                  Air            ###.......   100%        9    #######


Dungeon Overview and Level Annotations

Branches:
Dungeon (15/15)            Temple (1/1) D:5            Lair (6/6) D:8
  Swamp (4/4) Lair:3        Snake (4/4) Lair:4        Slime (0/5) Lair:6
    Orc (2/2) D:10            Elf (3/3) Orc:2        Vaults (5/5) D:13
  Crypt (3/3) Vaults:3       Tomb (0/3) Crypt:3      Depths (5/5) D:15
   Hell (1/1)                 Dis (0/7) Hell            Geh (7/7) Hell
    Coc (0/7) Hell            Tar (7/7) Hell            Zot (0/5) Depths:5

Altars:
Ashenzari
Cheibriados
Dithmenos
Elyvilon
Fedhas
Gozag
Hepliaklqana
Kikubaaqudgha
Makhleb
Nemelex Xobeh
Okawaru
Qazlal
Ru
Trog
Uskayaw
Vehumet
Wu Jian
Xom
Yredelemnul
Zin
The Shining One

Shops:
D:4 %   D:5 !   D:6 *   D:8 *[   D:9 ?   Orc:2 *([:   Elf:1 }   Elf:2 }=}
Snake:4 }   Vaults:2 !   Vaults:3 =:(

Portals:
Hell: Lair:6 Depths:1 Depths:2 Depths:3 Depths:4 Depths:5
Abyss: Depths:1 Depths:4
Pandemonium: Depths:1 Depths:2 Depths:3 Depths:5
Ziggurat: Depths:3

Annotations:
Vaults:2 1 exclusion
Vaults:4 exclusion: 4 downstairs


Innate Abilities, Weirdness & Mutations

You can charm monsters.
You have fox ears (no helmets).
((You have sharp fingernails.))
((You have very sharp teeth.))
You have a somewhat thin skeletal structure. (Dex +2, Stealth)
((You are partially covered in yellow scales. (AC +2)))
You are agile. (Dex +2)
Your magical capacity is low. (-10% MP)
You do not regenerate when monsters are visible.
You expend magic power (3 MP) to strengthen your wands.


Message History

The warg howls!
The yaktaur captain shouts!
You are very lightly contaminated with residual magic.
Found 11 stones.
Unknown command.
Unknown command.
Unknown command.
Unknown command.
Unknown command.
Press: ? - help, v - describe, . - travel
Here: a tengu reaver, wielding a +2 vampiric broad axe, wearing a +0 scale mail and wearing a +0 buckler The floor.
Unknown command.
As you read the scroll of teleportation, it crumbles to dust.
You feel strangely unstable.
You hear an angry buzzing noise.
You hear a shout!
You are no longer corroded.
The tengu reaver hits you with a +2 vampiric broad axe!
* * * LOW HITPOINT WARNING * * *
The tengu reaver pecks you.
You die...

...#.# # .....##
#. .#...## #..
.....##
#...#.....##
#..........#####
#...#...........
#......D...c..D.
#.$.#.Q..Q.D....
#..o.......#####
#..o#.T...##
#.o...h..##
#...#...##
#.....o## .#
..^#o# #.# ...#
#.


You could see a shadow dragon, an iron dragon, 2 tengu reavers, a yaktaur
captain (wandering), an orc knight (wandering), a troll (wandering), a warg, an
orc warrior (wandering), an orc wizard (wandering) and 2 orcs.

Vanquished Creatures
  Asmodeus (Geh:7)
  Ereshkigal (Tar:7)
  2 ancient liches
  Mara (Vaults:2)
  Mennas (Depths:3)
  2 juggernauts (Depths:5)
  3 caustic shrikes (Depths:5)
  Geryon (Hell)
  the Enchantress (Depths:4)
  The ghost of Waammiq the Devastator, a veteran GrEE of Lugonu (Crypt:1)
  4 golden dragons
  A profane servitor (Crypt:3)
  16 bone dragons
  27 Tzitzimimeh
  11 doom hounds
  9 Brimstone Fiends
  The ghost of contendunt the Acrobat, an adept MiFi of Okawaru (Swamp:4)
  Jorgrun (Swamp:2)
  Rupert (D:14)
  8 liches
  5 tentacled monstrosities
  4 deep elf blademasters
  Asterion (Depths:2)
  3 titans
  The ghost of Zonian the Severer, an adept HOFi of Beogh (Snake:1)
  Frances (Swamp:2)
  3 tentacled starspawn (Abyss:3)
  2 deep elf master archers (Elf:3)
  2 sphinxes
  An ancient champion (Crypt:3)
  2 eldritch tentacles
  2 thorn hunters
  10 shadow dragons
  3 revenants
  Donald (Elf:2)
  6 nagarajas
  4 tengu reavers
  Roxanne (Snake:3)
  A storm dragon (Depths:5)
  11 fire giants
  12 frost giants
  A draconian knight (Depths:5)
  6 iron dragons
  17 balrugs
  7 vault wardens
  5 deep elf sorcerers
  Louise (Swamp:3)
  27 reapers
  4 deep elf elementalists
  A curse skull (Crypt:1)
  17 very ugly things
  12 ironheart preservers
  12 stone giants
  7 ghouls
  5 spriggan defenders
  An entropy weaver (Vaults:3)
  7 deep elf demonologists
  A dire elephant (D:15)
  Azrael (Orc:2)
  13 vampire knights
  7 deep elf annihilators
  2 lorocyprocas
  Snorg (Lair:4)
  12 spark wasps
  A green death (Swamp:4)
  2 eidola (Crypt:1)
  A death ooze (Swamp:4)
  The ghost of plsesad the Eclecticist, a journeyman PESo of Vehumet (Lair:6)
  3 blizzard demons (Hell)
  8 ettins
  18 yaktaur captains
  4 deep elf death magi
  16 fire dragons
  5 quicksilver dragon zombies
  21 jiangshi
  3 deep elf high priests
  20 vault guards
  5 ogre magi
  4 quicksilver dragon skeletons
  Fannar (D:11)
  Harold (D:11)
  6 great orbs of eyes
  2 hell beasts (Swamp:4)
  A rakshasa (Abyss:3)
  A catoblepas (Lair:6)
  18 hydras
  18 naga warriors
  10 ice dragons
  5 ghost crabs
  5 spriggan air magi
  2 shambling mangroves
  8 centaur warriors
  15 two-headed ogres
  28 dancing weapons
  10 tengu warriors
  4 anacondas
  A two-headed ogre (shapeshifter) (Elf:2)
  3 deep troll shamans
  6 death knights
  3 death yaks (Lair:6)
  13 vampire magi
  12 alligators
  7 deep troll earth magi
  20 hell hogs
  10 shock serpents
  4 titan zombies
  4 thrashing horrors (Abyss:3)
  2 orc high priests
  13 soul eaters
  Urug (D:10)
  3 iron trolls
  22 sun demons
  2 iron golems (Hell)
  6 naga sharpshooters
  9 shadow wraiths
  A storm dragon zombie (Geh:7)
  8 spriggan berserkers
  Nergalle (D:10)
  22 deep elf knights
  Sonja (D:13)
  A wretched star (Abyss:3)
  25 hell knights
  A sixfirhy (Lair:6)
  13 spriggans
  8 orc knights
  106 skeletal warriors
  3 titan skeletons
  3 salamander mystics
  13 shadow demons
  A fire crab (shapeshifter) (Vaults:3)
  A spectral anaconda (Crypt:3)
  6 storm dragon skeletons
  3 anaconda zombies
  6 golden dragon zombies
  An infernal demonspawn (Depths:1)
  3 sea snakes (Snake:2)
  3 death drakes
  A ghost moth zombie (Geh:7)
  5 unseen horrors
  A spriggan druid (Swamp:4)
  23 flayed ghosts
  21 deep trolls
  11 deep elf archers
  6 glowing orange brains
  8 wizards
  5 naga ritualists
  A lindwurm (Lair:6)
  4 shadow dragon zombies
  22 phantasmal warriors
  5 swamp dragons
  14 ironbrand convokers
  2 anaconda skeletons
  18 necromancers
  57 deep elf magi
  2 shadow dragon skeletons
  15 salamanders
  2 golden dragon skeletons
  4 wolf spider zombies
  3 manticores
  An orange crystal statue (Depths:4)
  4 frost giant zombies
  7 wolf spiders
  A stone giant zombie (Geh:6)
  2 iron dragon zombies
  34 ugly things
  8 mana vipers
  The ghost of Aqweryyt the Magician, a novice BoLi (D:7)
  4 fire giant zombies
  An iron dragon skeleton (Geh:7)
  A moth of wrath (shapeshifter) (Depths:5)
  2 oklob plants (Lair:6)
  6 cyclopes
  7 orc sorcerers
  A worldbinder (Abyss:3)
  6 fire giant skeletons
  6 rust devils
  2 shock serpent zombies
  5 elephants (Lair:6)
  6 vault sentinels
  21 naga magi
  2 centaur zombies
  3 moths of wrath
  2 ice statues (IceCv)
  A water nymph (shapeshifter) (Depths:5)
  2 black mambas (shapeshifter)
  5 toenail golems (Volcano)
  3 frost giant skeletons
  37 black mambas
  A titan simulacrum (Crypt:3)
  6 stone giant skeletons
  2 dire elephant zombies
  7 guardian serpents
  3 spiny frogs (shapeshifter)
  An elephant (shapeshifter) (Vaults:2)
  Psyche (D:8)
  8 molten gargoyles (Geh:7)
  8 smoke demons
  3 orange demons
  13 spiny frogs
  2 shock serpent skeletons
  A storm dragon simulacrum (Vaults:2)
  A komodo dragon (shapeshifter) (Depths:2)
  An emperor scorpion zombie (Tar:4)
  8 rime drakes
  7 efreet
  2 rime drakes (shapeshifter)
  25 freezing wraiths
  19 hellions
  3 dire elephant skeletons
  8 tengu conjurers
  10 tormentors
  2 kobold demonologists (D:15)
  11 komodo dragons
  6 ice devils
  46 yaktaurs
  A catoblepas skeleton (Tar:5)
  An ancient zyme (Abyss:3)
  A queen bee (shapeshifter) (Depths:3)
  11 trolls
  An anaconda simulacrum (Hell)
  5 silent spectres
  6 meliai (D:14)
  A minotaur skeleton (Tar:6)
  A meliai (shapeshifter) (Depths:4)
  A wolf spider simulacrum (Crypt:1)
  4 hydra zombies
  5 tyrant leeches
  A polar bear (Lair:6)
  22 red devils
  20 blink frogs
  11 hornets
  4 ice dragon zombies
  2 harpy skeletons (Tar:3)
  11 bog bodies
  Prince Ribbit (D:8)
  4 hydra skeletons
  5 ettin zombies
  7 hippogriffs
  12 dream sheep
  2 fire dragon zombies
  44 shadows
  5 large abominations
  33 slime creatures
  2 ice dragon skeletons
  4 black mamba zombies
  128 flying skulls
  2 alligator zombies (Hell)
  4 ettin skeletons
  10 water elementals
  A redback (shapeshifter) (Vaults:2)
  2 air elementals (Elf:1)
  17 wraiths
  A ynoxinul (Abyss:3)
  3 redbacks (Vaults:3)
  2 vampires
  A fire dragon skeleton (Geh:4)
  A spriggan (shapeshifter) (Vaults:3)
  2 alligator skeletons
  2 wyverns
  31 yaks
  4 fire bats (Geh:3)
  5 hungry ghosts
  5 basilisks
  26 fire elementals
  A human (shapeshifter) (Depths:5)
  9 small abominations
  24 vampire mosquitoes
  A yaktaur simulacrum (Vaults:2)
  2 steam dragons
  64 nagas
  23 insubstantial wisps
  20 swamp worms
  A warg (shapeshifter) (Depths:4)
  Blork the orc (D:4)
  4 acid dragons
  A spatial vortex (Tar:2)
  A swamp worm (shapeshifter) (Depths:5)
  16 water moccasins
  10 porcupines
  5 wargs
  A monstrous demonspawn skeleton (Crypt:1)
  3 spiny frog zombies
  A hydra simulacrum (Hell)
  Duvessa (D:7)
  2 elf zombies
  3 ettin simulacra (Depths:4)
  35 hell hounds
  19 ice beasts
  An alligator simulacrum (Crypt:2)
  47 orc warriors
  7 swamp drakes
  A spiny frog skeleton (Tar:7)
  An ice dragon simulacrum (Crypt:1)
  5 black bears
  15 boggarts
  A fire dragon simulacrum (Crypt:1)
  9 sky beasts
  4 snapping turtle zombies
  16 ogres
  7 phantoms
  31 necrophages
  A swamp dragon zombie (Crypt:2)
  An elephant skeleton (Crypt:2)
  A lindwurm skeleton (Crypt:1)
  6 wolves
  2 swamp dragon skeletons
  14 crocodiles
  25 centaurs
  A dream sheep skeleton (Crypt:1)
  A manticore skeleton (Crypt:2)
  A crocodile (shapeshifter) (Vaults:4)
  11 big kobolds
  A salamander zombie (Crypt:1)
  3 earth elementals (Elf:3)
  A hippogriff zombie (Crypt:2)
  6 bullfrogs
  A deep troll simulacrum (Vaults:2)
  Dowan (D:7)
  A water moccasin skeleton (D:6)
  A raiju zombie (Crypt:1)
  A scorpion (D:12)
  A manticore simulacrum (Hell)
  A killer bee (D:11)
  46 wights
  3 troll skeletons
  3 howler monkeys
  15 crimson imps
  A lava snake (Snake:2)
  A quasit (D:12)
  A bullfrog zombie (D:11)
  A human zombie (Tar:6)
  6 jellies
  5 bullfrog skeletons
  2 centaur skeletons
  10 hounds
  13 orc priests
  3 iron imps
  A human skeleton (Crypt:1)
  Jessica (D:2)
  20 orc wizards
  17 hell rats
  5 worker ants
  A porcupine skeleton (Crypt:1)
  A naga zombie (Tar:2)
  An acid dragon skeleton (Crypt:2)
  2 hound zombies (D:6)
  2 howler monkey zombies
  A gnoll (D:1)
  24 adders
  A swamp drake skeleton (Crypt:2)
  14 shadow imps
  An ufetubus (Abyss:3)
  An ooze (D:5)
  5 adder skeletons
  8 worms
  2 dart slugs
  4 leopard geckos
  88 orcs
  13 giant cockroaches
  6 goblins
  8 hobgoblins
  5 iguanas
  3 jackals (D:9)
  4 quokkas
  2 ball pythons
  2 ball python zombies
  6 bats
  A frilled lizard (D:4)
  2 jackal skeletons
  15 kobolds
  A leopard gecko skeleton (D:4)
  2 leopard gecko zombies
  A quokka skeleton (D:6)
  A quokka zombie (D:8)
  12 rats
  A fungus (Lair:6)
  A lurking horror (Abyss:3)
  2 starspawn tentacles (Abyss:3)
2918 creatures vanquished.

Vanquished Creatures (collateral kills)
  An ancient lich (Vaults:5)
  Frederick (Depths:4)
  A caustic shrike (Depths:5)
  2 bone dragons
  A Brimstone Fiend (Geh:7)
  A doom hound (Tar:2)
  A tentacled starspawn (Abyss:3)
  2 shadow dragons
  An eldritch tentacle (Tar:7)
  2 nagarajas (Snake:4)
  2 balrugs (Geh:7)
  2 deep elf sorcerers
  2 orc warlords
  A vault warden (Vaults:5)
  3 reapers
  A deep elf demonologist (Depths:5)
  A deep elf death mage (Elf:3)
  A jiangshi (Crypt:3)
  A green death (Swamp:4)
  The ghost of Purph the Cleaver, a journeyman MiBe of Trog (Lair:1)
  3 naga warriors
  2 hydras (Swamp:4)
  A great orb of eyes (Depths:2)
  8 vault guards (Vaults:5)
  An ice dragon (Depths:4)
  A two-headed ogre (Vaults:4)
  A centaur warrior (Depths:2)
  A death yak (Lair:6)
  A deep troll shaman (Depths:4)
  A vampire mage (Tar:6)
  2 hell hogs (Geh:7)
  2 hell knights (Geh:6)
  A thrashing horror (Swamp:4)
  A naga sharpshooter (Snake:2)
  An orc high priest (Orc:2)
  A shock serpent (Snake:4)
  5 sun demons
  A soul eater (Hell)
  An anaconda zombie (Geh:7)
  2 deep trolls
  9 skeletal warriors
  A swamp dragon (Swamp:4)
  A storm dragon skeleton (Tar:6)
  A shadow demon (Tar:2)
  A naga ritualist (Snake:2)
  4 black mambas
  Pikel (D:7)
  An ironbrand convoker (Vaults:4)
  A necromancer (Hell)
  An orc knight (Orc:2)
  A mana viper (Snake:4)
  6 ugly things
  A salamander (Snake:1)
  2 orc sorcerers (Orc:2)
  A deep elf mage (Elf:3)
  An iron dragon skeleton (Tar:4)
  A shock serpent zombie (Geh:4)
  A vault sentinel (Vaults:1)
  A naga mage (Snake:3)
  2 orange demons
  A gargoyle (D:12)
  A smoke demon (Lair:6)
  A spiny frog (Lair:5)
  A torpor snail (Lair:6)
  A kobold demonologist (D:15)
  2 tormentors
  An ice devil (Lair:6)
  3 red devils
  2 hornets (Lair:1)
  6 slime creatures
  2 blink frogs (Lair:6)
  A hippogriff (D:11)
  5 flying skulls
  2 shadows (Tar:2)
  A wraith (Tar:6)
  4 orc warriors
  3 yaks (Lair:3)
  A spriggan (Lair:1)
  A neqoxec (Abyss:3)
  3 vampire mosquitoes
  2 wargs (Orc:2)
  A swamp worm (Swamp:1)
  3 water moccasins (Snake:1)
  2 hell hounds
  A porcupine (Lair:3)
  A spiny frog skeleton (Geh:7)
  A black bear (D:11)
  A phantom (Tar:2)
  An ice beast (D:6)
  An eye of draining (D:12)
  4 ogres
  2 centaurs (Depths:2)
  A necrophage (Crypt:3)
  A snapping turtle skeleton (Geh:5)
  2 wolves
  A wight (Geh:5)
  2 orc priests
  3 orc wizards
  2 hell rats
  9 orcs
186 creatures vanquished.

Vanquished Creatures (others)
  3 eldritch tentacles
  A fire giant (Depths:4)
  2 deep elf knights
  A wolf spider zombie (Geh:4)
  A hellion (Geh:7)
  3 yaktaurs (Vaults:1)
  A red devil (Abyss:3)
  A meliai (shapeshifter) (Depths:3)
  An ettin skeleton (Tar:6)
  2 acid dragons (Lair:5)
  A hell rat (Hell)
  A shadow imp (Tar:4)
  25 fungi
  24 plants
  4 starspawn tentacles (Abyss:3)
  6 toadstools (Swamp:1)
77 creatures vanquished.

Grand Total: 3181 creatures vanquished

Notes
Turn   | Place    | Note
-------+----------+-------------------------------------------
     0 | D:1      | SmSkdm the Kitsune Transmuter began the quest for the Orb.
     0 | D:1      | Reached XP level 1. HP: 12/12 MP: 3/3
    90 | D:1      | Reached skill level 1 in Fighting
   108 | D:1      | Reached XP level 2. HP: 16/18 MP: 5/5
   143 | D:1      | Reached skill level 3 in Unarmed Combat
   294 | D:1      | Reached XP level 3. HP: 9/24 MP: 4/6
   474 | D:1      | Learned a level 2 spell: Sticks to Snakes
   501 | D:1      | Learned a level 3 spell: Spider Form
  1316 | D:2      | Noticed Jessica
  1324 | D:2      | Killed Jessica
  1324 | D:2      | Reached XP level 4. HP: 24/29 MP: 2/7
  1515 | D:2      | Found a shimmering altar of Xom.
  1527 | D:2      | Reached XP level 5. HP: 34/35 MP: 5/8
  1651 | D:2      | Reached skill level 4 in Unarmed Combat
  2333 | D:3      | Reached XP level 6. HP: 41/42 MP: 5/9
  2498 | D:3      | Found a glowing golden altar of the Shining One.
  2965 | D:3      | Found a bloodstained altar of Trog.
  3145 | D:3      | Found a snail-covered altar of Cheibriados.
  3931 | D:4      | Reached skill level 5 in Unarmed Combat
  3935 | D:4      | Reached XP level 7. HP: 26/47 MP: 1/10
  4142 | D:4      | Noticed Blork the orc
  4159 | D:4      | Your ally died
  4527 | D:4      | Found a stormy altar of Qazlal.
  4595 | D:4      | Reached XP level 8. HP: 41/54 MP: 9/13
  4713 | D:4      | Found Monym's Food Shoppe.
  4978 | D:5      | Entered Level 5 of the Dungeon
  5502 | D:5      | Found a staircase to the Ecumenical Temple.
  5521 | Temple   | Entered the Ecumenical Temple
  5822 | Temple   | Learned a level 1 spell: Confusing Touch
  5844 | Temple   | Became a worshipper of the Wu Jian Council
  6219 | D:5      | Reached skill level 6 in Unarmed Combat
  6514 | D:5      | Reached skill level 5 in Fighting
  6667 | D:5      | Reached skill level 5 in Spellcasting
  6667 | D:5      | Reached XP level 9. HP: 51/61 MP: 16/16
  6789 | D:5      | Reached skill level 5 in Transmutations
  6794 | D:5      | Found a glowing silver altar of Zin.
  6809 | D:5      | Noticed a moth of wrath
  6812 | D:5      | Found a bloodstained altar of Trog.
  7233 | D:5      | Found Pycy's Distillery.
  7598 | D:6      | Reached * piety under Wu Jian
  8006 | D:6      | Found Gozag's Platinum Reserve.
  8029 | D:6      | Found an opulent altar of Gozag.
  8981 | D:7      | Learned a level 5 spell: Blade Hands
  8992 | D:7      | Found a runed gate.
  8992 | D:7      | Found a runed gate.
  8992 | D:7      | Found a runed gate.
  9001 | D:7      | Noticed Aqweryyt's ghost (novice BoLi)
  9001 | D:7      | Identified the cursed +1 whip "Imp's Doom" {elec, -Tele
                  | rPois rN+}
  9056 | D:7      | Noticed Duvessa
  9056 | D:7      | Noticed Dowan
  9066 | D:7      | Killed Duvessa
  9073 | D:7      | Killed Dowan
  9494 | D:7      | Found a shimmering altar of Xom.
  9496 | D:7      | Noticed Pikel
  9508 | D:7      | Killed Pikel
  9508 | D:7      | Reached skill level 1 in Evocations
 10065 | D:8      | Found Seufom's Antique Armour Shoppe.
 10149 | D:8      | Noticed Prince Ribbit
 10158 | D:8      | Reached skill level 7 in Unarmed Combat
 10158 | D:8      | Reached XP level 10. HP: 51/68 MP: 15/19
 10164 | D:8      | Killed Prince Ribbit
 10237 | D:8      | Found a staircase to the Lair.
 10299 | D:8      | Noticed Psyche
 10307 | D:8      | Killed Psyche
 10428 | D:8      | Found Fuommigi's Assorted Antiques.
 10447 | D:8      | Reached ** piety under Wu Jian
 11612 | D:9      | Reached *** piety under Wu Jian
 11763 | D:9      | Found a sacrificial altar of Ru.
 11867 | D:9      | Found Yfext's Magic Scroll Boutique.
 12096 | D:9      | Reached XP level 11. HP: 74/74 MP: 22/22
 12150 | D:9      | Learned a level 4 spell: Petrify
 12206 | D:10     | Entered Level 10 of the Dungeon
 12224 | D:10     | Found a staircase to the Orcish Mines.
 12310 | D:10     | Noticed a two-headed ogre
 12322 | D:10     | Killed a two-headed ogre
 12322 | D:10     | Reached skill level 1 in Armour
 12322 | D:10     | Reached skill level 1 in Earth Magic
 12360 | D:10     | Found a portal to a secret trove of treasure.
 12425 | D:10     | Noticed Urug
 12436 | D:10     | Killed Urug
 12436 | D:10     | Reached skill level 1 in Stealth
 12436 | D:10     | Reached skill level 8 in Unarmed Combat
 12952 | D:10     | Noticed Nergalle
 12964 | D:10     | Killed Nergalle
 13327 | D:11     | Noticed Fannar
 13380 | D:11     | Killed Fannar
 13452 | D:11     | Noticed a manticore
 13465 | D:11     | Killed a manticore
 13564 | D:11     | Reached skill level 5 in Dodging
 13629 | D:11     | Noticed a cyclops
 13640 | D:11     | Killed a cyclops
 13698 | D:11     | Noticed a green ugly thing
 13724 | D:11     | Reached XP level 12. HP: 15/81 MP: 3/23
 14065 | D:11     | Reached **** piety under Wu Jian
 14315 | D:11     | Noticed Harold
 14324 | D:11     | Killed Harold
 14481 | D:11     | Gained mutation: You have a pair of small antennae on your
                  | head. [potion of mutation]
 14481 | D:11     | Gained mutation: You are agile. (Dex +2) [potion of
                  | mutation]
 14481 | D:11     | Lost mutation: You are agile. (Dex +2) [potion of mutation]
 14481 | D:11     | Gained mutation: You are somewhat resistant to further
                  | mutation. [potion of mutation]
 15123 | Lair:1   | Entered Level 1 of the Lair of Beasts
 15187 | Lair:1   | Found a transporter.
 15190 | Lair:1   | Identified the +10 trident of Insomnia {antimagic, rElec}
 15190 | Lair:1   | Noticed a spriggan rider
 15194 | Lair:1   | Found a transporter.
 15200 | Lair:1   | Identified the ring "Atabimn" {+Fly Str+10 Stlth-}
 15204 | Lair:1   | Identified the +6 spear of Thoughtfulness {chaos, *Noise
                  | rPois rF- SInv}
 15204 | Lair:1   | Noticed a spriggan rider
 15207 | Lair:1   | Noticed Purph's ghost (journeyman MiBe)
 15208 | Lair:1   | Found a bloodstained altar of Trog.
 15840 | Lair:1   | Reached skill level 9 in Unarmed Combat
 16724 | Lair:2   | Noticed a four-headed hydra
 16729 | Lair:2   | Killed an eight-headed hydra
 16884 | Lair:2   | Reached XP level 13. HP: 66/88 MP: 9/24
 16949 | Lair:2   | Noticed a five-headed hydra
 16978 | Lair:2   | Killed a nine-headed hydra
 16978 | Lair:2   | Reached skill level 5 in Stealth
 17344 | Lair:3   | Noticed a seven-headed hydra
 17559 | Lair:3   | Found a staircase to the Swamp.
 17624 | Lair:3   | Killed a nine-headed hydra
 17624 | Lair:3   | Reached skill level 5 in Earth Magic
 17662 | Lair:3   | Noticed a six-headed hydra
 17685 | Lair:3   | Killed a nine-headed hydra
 18351 | Lair:4   | Reached skill level 5 in Armour
 18574 | Lair:4   | Noticed Snorg
 18676 | Lair:4   | Noticed a five-headed hydra
 18812 | Lair:4   | Killed an eight-headed hydra
 19198 | Lair:4   | Found a staircase to the Snake Pit.
 19452 | Lair:4   | Killed Snorg
 19876 | Lair:5   | Reached XP level 14. HP: 64/95 MP: 18/25
 20650 | Lair:5   | Learned a level 5 spell: Yara's Violent Unravelling
 20690 | Lair:5   | Reached skill level 10 in Unarmed Combat
 20802 | Lair:6   | Entered Level 6 of the Lair of Beasts
 20827 | Lair:6   | Reached skill level 1 in Hexes
 20846 | Lair:6   | Reached ***** piety under Wu Jian
 20989 | Lair:6   | Reached skill level 10 in Transmutations
 21007 | Lair:6   | Found a dark tunnel.
 21012 | Volcano  | Entered a volcano
 21878 | Lair:6   | Found a runed door.
 22112 | Lair:6   | Found a shimmering altar of Xom.
 22112 | Lair:6   | Noticed plsesad's ghost (journeyman PESo)
 22192 | Lair:6   | Found a staircase to the Slime Pits.
 23017 | Lair:6   | Reached XP level 15. HP: 67/101 MP: 17/26
 23740 | Lair:6   | Found a burning altar of Makhleb.
 23747 | Lair:6   | Found a gateway to Hell.
 24038 | Orc:1    | Entered Level 1 of the Orcish Mines
 24065 | Orc:1    | Noticed an orc warlord
 24081 | Orc:1    | Killed an orc warlord
 24558 | Orc:2    | Entered Level 2 of the Orcish Mines
 24558 | Orc:2    | Found Cudiegamn's Book Shoppe.
 24560 | Orc:2    | Noticed an orc warlord
 24566 | Orc:2    | Killed an orc warlord
 24592 | Orc:2    | Found Bon Isach's Antique Weapon Shoppe.
 24632 | Orc:2    | Found a frozen archway.
 24968 | Orc:2    | Noticed Azrael
 24984 | Orc:2    | Reached ****** piety under Wu Jian
 24999 | Orc:2    | Killed Azrael
 25023 | IceCv    | Entered an ice cave
 26229 | Orc:2    | Reached skill level 11 in Unarmed Combat
 26504 | Orc:2    | Found Zerigg's Antique Armour Shop.
 26727 | Orc:2    | Bought a pair of pitted gloves for 180 gold pieces
 26727 | Orc:2    | Identified the +2 pair of gloves of Dim Light {MR+ rCorr}
                  | (You bought it in a shop on level 2 of the Orcish Mines)
 26738 | Orc:2    | Found a staircase to the Elven Halls.
 27040 | Orc:2    | Found Ytaph's General Store.
 27290 | Orc:1    | Noticed a stone giant
 27294 | Orc:1    | Killed a stone giant
 28012 | D:7      | Killed Aqweryyt's ghost
 28012 | D:7      | Reached skill level 10 in Fighting
 28401 | D:12     | Reached XP level 16. HP: 96/109 MP: 13/28
 29187 | D:13     | Noticed Sonja
 29197 | D:13     | Killed Sonja
 29440 | D:13     | Learned a level 7 spell: Dragon Form
 29444 | D:13     | Learned a level 3 spell: Regeneration
 29455 | D:13     | Found a gate to the Vaults.
 30379 | D:14     | Identified the ring of Okawaru's Fury {+Blink rElec rPois
                  | rC+ rN+} (You found it on level 14 of the Dungeon)
 30555 | D:14     | Noticed Rupert
 30564 | D:14     | Killed Rupert
 30796 | D:14     | Identified the +5 ring mail of Xiufiwn {Int+4} (You found
                  | it on level 14 of the Dungeon)
 31079 | D:15     | Entered Level 15 of the Dungeon
 31233 | D:15     | Reached skill level 1 in Charms
 31685 | D:15     | Reached skill level 10 in Spellcasting
 32080 | D:15     | Found a staircase to the Depths.
 32348 | Swamp:1  | Entered Level 1 of the Swamp
 32386 | Swamp:1  | HP: 2/111 [ten-headed hydra (8)]
 33464 | Swamp:1  | Reached XP level 17. HP: 79/116 MP: 19/31
 33759 | Swamp:1  | Noticed a thorn hunter
 33766 | Swamp:1  | Killed a thorn hunter
 33766 | Swamp:1  | Reached skill level 12 in Unarmed Combat
 33944 | Swamp:2  | Noticed Frances
 33951 | Swamp:2  | Killed Frances
 34705 | Swamp:2  | Noticed Jorgrun
 34712 | Swamp:2  | Killed Jorgrun
 34933 | Swamp:2  | Noticed a thorn hunter
 34946 | Swamp:2  | HP: 3/117 [thorn hunter/volley of thorns (14)]
 35545 | Swamp:2  | Killed a thorn hunter
 35723 | Swamp:3  | Noticed Louise
 35901 | Swamp:3  | Killed Louise
 36812 | Swamp:4  | Entered Level 4 of the Swamp
 37543 | Swamp:4  | Got a decaying rune of Zot
 37808 | Swamp:4  | Reached XP level 18. HP: 124/124 MP: 23/33
 37900 | Swamp:4  | Noticed contendunt's ghost (adept MiFi)
 37911 | Swamp:4  | Found a transporter.
 37931 | Swamp:4  | Found a transporter.
 38006 | Swamp:4  | Killed contendunt's ghost
 38028 | Swamp:4  | Identified the cursed +0 pair of gloves of Mumblety Peg
                  | {rN++ Str-4} (You found it on level 4 of the Swamp)
 38030 | Swamp:4  | Identified the cursed +0 hat "Koaqor" {*Slow +Blink MR++
                  | SInv} (You found it on level 4 of the Swamp)
 38477 | Snake:1  | Entered Level 1 of the Snake Pit
 38517 | Snake:1  | Reached skill level 5 in Charms
 38597 | Snake:1  | Found a transporter.
 38602 | Snake:1  | Found a transporter.
 38602 | Snake:1  | Found a bloodstained altar of Trog.
 38627 | Snake:1  | Identified the +8 battleaxe of Riwn {speed, Dex+3}
 38627 | Snake:1  | Identified the +1 dire flail of Cumasi {protect, Str+3
                  | Int+3 Stlth+}
 38627 | Snake:1  | Noticed Zonian's ghost (adept HOFi)
 38691 | Snake:1  | Gained mutation: You are dopey. (Int -2) [mutagenic glow]
 38729 | Snake:1  | Gained mutation: You occasionally shout uncontrollably at
                  | your foes. [mutagenic glow]
 38773 | Snake:1  | Gained mutation: You do not regenerate when monsters are
                  | visible. [mutagenic glow]
 38923 | Snake:1  | Lost mutation: You do not regenerate when monsters are
                  | visible. [potion of mutation]
 38923 | Snake:1  | Lost mutation: You are somewhat resistant to further
                  | mutation. [potion of mutation]
 38923 | Snake:1  | Lost mutation: You occasionally shout uncontrollably at
                  | your foes. [potion of mutation]
 38923 | Snake:1  | Gained mutation: You tend to lose your temper in combat.
                  | [potion of mutation]
 38923 | Snake:1  | Gained mutation: You are clumsy. (Dex -2) [potion of
                  | mutation]
 38923 | Snake:1  | Gained mutation: You have sharp toenails. [potion of
                  | mutation]
 38928 | Snake:1  | Lost mutation: You are dopey. (Int -2) [potion of mutation]
 38928 | Snake:1  | Lost mutation: You tend to lose your temper in combat.
                  | [potion of mutation]
 38928 | Snake:1  | Lost mutation: You have a pair of small antennae on your
                  | head. [potion of mutation]
 38928 | Snake:1  | Lost mutation: You have sharp toenails. [potion of
                  | mutation]
 38928 | Snake:1  | Gained mutation: You possess an exceptional clarity of
                  | mind. [potion of mutation]
 38928 | Snake:1  | Gained mutation: You have a somewhat thin skeletal
                  | structure. (Dex +2, Stealth) [potion of mutation]
 39088 | Snake:1  | Identified the +11 long sword "Jungo" {antimagic, Str-4
                  | Int+5}
 39831 | Snake:2  | Reached skill level 13 in Unarmed Combat
 41166 | Snake:3  | Identified Roxanne's Compendium of Transmigration
 41166 | Snake:3  | Noticed Roxanne
 41254 | Snake:3  | Killed Roxanne
 41254 | Snake:3  | Reached XP level 19. HP: 131/131 MP: 27/35
 41272 | Snake:3  | Learned a level 6 spell: Statue Form
 41286 | Snake:3  | Learned a level 5 spell: Borgnjor's Vile Clutch
 41682 | Snake:4  | Entered Level 4 of the Snake Pit
 41693 | Snake:4  | Reached skill level 1 in Necromancy
 41696 | Snake:4  | Reached skill level 10 in Dodging
 41864 | Snake:4  | Found Qoip's Gadget Emporium.
 42589 | Snake:4  | Got a serpentine rune of Zot
 43101 | Elf:1    | Entered Level 1 of the Elven Halls
 43974 | Elf:1    | Found Tedel's Gadget Boutique.
 44162 | Elf:2    | Reached XP level 20. HP: 138/138 MP: 28/37
 44296 | Elf:2    | Noticed Donald
 44306 | Elf:2    | Killed Donald
 44348 | Elf:2    | Found a runed gate.
 44348 | Elf:2    | Found a runed gate.
 44349 | Elf:2    | Found a runed gate.
 44437 | Elf:2    | Reached skill level 1 in Shields
 44455 | Elf:2    | Found Piuvukace's Gadget Emporium.
 44455 | Elf:2    | Found Xeleqaysh's Jewellery Shop.
 44456 | Elf:2    | Found Joavaawn's Gadget Emporium.
 44771 | Elf:2    | Cast into level 3 of the Abyss (+2 mace of distortion)
 45011 | Abyss:3  | Found a corrupted altar of Lugonu.
 45050 | Abyss:3  | Reached skill level 14 in Unarmed Combat
 45133 | Elf:2    | Escaped the Abyss
 45780 | Elf:3    | Entered Level 3 of the Elven Halls
 46031 | Elf:3    | Reached skill level 10 in Stealth
 46052 | Elf:3    | Gained mutation: Your spells are a little easier to cast,
                  | but a little less powerful. [a neqoxec]
 46052 | Elf:3    | Gained mutation: You occasionally shout uncontrollably at
                  | your foes. [a neqoxec]
 46078 | Elf:3    | Lost mutation: You possess an exceptional clarity of mind.
                  | [potion of mutation]
 46078 | Elf:3    | Lost mutation: You are clumsy. (Dex -2) [potion of
                  | mutation]
 46078 | Elf:3    | Lost mutation: Your spells are a little easier to cast, but
                  | a little less powerful. [potion of mutation]
 46078 | Elf:3    | Gained mutation: You have a pair of small horns on your
                  | head. [potion of mutation]
 46078 | Elf:3    | Gained mutation: You are resistant to hostile enchantments.
                  | (MR+) [potion of mutation]
 46349 | Elf:3    | Noticed a Hell Sentinel
 46351 | Elf:3    | Noticed a Tzitzimitl
 46517 | Elf:3    | Reached XP level 21. HP: 144/144 MP: 36/39
 46519 | Elf:3    | Reached skill level 5 in Necromancy
 46558 | Elf:3    | Identified the +7 spear of Defiance {pierce, rPois Str+7}
 46817 | Elf:3    | Identified the ring of Vumizoibb {Ice Str+5}
 46870 | Elf:3    | Identified the ring "Woziux" {rPois MP+9 Int+4}
 46902 | Elf:3    | Identified the +4 robe of the Buccaneer {-Cast rElec rF+
                  | MP+9}
 46955 | Elf:3    | Identified the +10 pearl dragon scales of Absence {rF+ rN+
                  | Int+2} (You found it on level 3 of the Elven Halls)
 47781 | Vaults:1 | Entered Level 1 of the Vaults
 48129 | Vaults:1 | Learned a level 3 spell: Lesser Beckoning
 48392 | Vaults:1 | Reached skill level 5 in Shields
 48566 | Vaults:1 | Reached skill level 1 in Translocations
 49432 | Vaults:2 | Reached XP level 22. HP: 153/153 MP: 37/40
 49437 | Vaults:2 | Gained mutation: Your spells are a little harder to cast,
                  | but a little more powerful. [a neqoxec]
 49654 | Vaults:2 | Reached skill level 15 in Spellcasting
 49671 | Vaults:2 | Found Koqogruh's Distillery.
 49677 | Vaults:2 | Noticed Mara
 49690 | Vaults:2 | Noticed SmSkdm's illusion
 49695 | Vaults:2 | Killed Mara
 49695 | Vaults:2 | Reached skill level 15 in Unarmed Combat
 50576 | Vaults:3 | You are sucked into a shaft!
 50609 | Vaults:4 | Found a flickering gateway to a bazaar.
 50627 | Bazaar   | Entered a bazaar
 50627 | Bazaar   | Found Xedialuweoh's Jewellery Emporium.
 50639 | Bazaar   | Found Laimakuf's General Store.
 50650 | Bazaar   | Found Uregeabb's Antique Armour Emporium.
 50661 | Bazaar   | Found Tez Bid's Antique Weapon Shop.
 50669 | Bazaar   | Found Corphyre's Magic Scroll Shop.
 50717 | Bazaar   | Bought a scroll of magic mapping for 35 gold pieces
 51026 | Vaults:3 | Found Ynerch's Jewellery Shoppe.
 51026 | Vaults:3 | Found Feuteli's Book Shoppe.
 51028 | Vaults:3 | Found Ijeot's Weapon Shoppe.
 51166 | Vaults:3 | Found a staircase to the Crypt.
 51166 | Vaults:3 | Found a basalt altar of Yredelemnul.
 51167 | Vaults:3 | Found an ancient bone altar of Kikubaaqudgha.
 52244 | D:6      | Bought the +3 ring mail of Biar {+Fly rCorr Int-2 Dex+7}
                  | for 4420 gold pieces
 52401 | D:10     | You paid a toll of the ring mail of Biar to enter a
                  | treasure trove
 52402 | Trove    | Entered a treasure trove
 52415 | Trove    | Identified the Handbook of Transmutation and Combat Magic
 52429 | Trove    | Identified the Papyrus of Cloudy Changing
 52432 | Trove    | Identified Sif Muna's Compendium of Displacement
 52480 | Trove    | Identified Viekurch's Handbook of Curses and Moulding
 53040 | Vaults:4 | Reached XP level 23. HP: 159/159 MP: 34/42
 53852 | Crypt:1  | Entered Level 1 of the Crypt
 54056 | Crypt:1  | Identified the +5 dagger "Kutiqid" {flame, *Noise +Inv rF-
                  | rN+++} (You found it on level 1 of the Crypt)
 54190 | Crypt:1  | Found a runed gate.
 54190 | Crypt:1  | Found a runed gate.
 54192 | Crypt:1  | Found a runed gate.
 54198 | Crypt:1  | Noticed Waammiq's ghost (veteran GrEE)
 54262 | Crypt:1  | Reached skill level 5 in Hexes
 54267 | Crypt:1  | Killed Waammiq's ghost
 54276 | Crypt:1  | Reached skill level 5 in Translocations
 55741 | Crypt:3  | Entered Level 3 of the Crypt
 55937 | Crypt:3  | Found an ancient bone altar of Kikubaaqudgha.
 55947 | Crypt:3  | Reached XP level 24. HP: 142/166 MP: 28/43
 56046 | Crypt:3  | Reached skill level 15 in Transmutations
 56258 | Crypt:3  | Identified the Compendium of Transformation and Beguiling
 56354 | Crypt:3  | Identified the cursed +0 leather armour of the Vacuum
                  | {rPois Dex+3} (You found it on level 3 of the Crypt)
 56415 | Crypt:3  | Learned a level 5 spell: Metabolic Englaciation
 56434 | Crypt:3  | Found a staircase to the Tomb.
 56434 | Crypt:3  | Noticed an ancient lich
 56442 | Crypt:3  | Killed an ancient lich
 56460 | Crypt:3  | Identified the ring "Tocas" {Fire Str+2 Dex-5 SInv} (You
                  | found it on level 3 of the Crypt)
 57038 | Lair:1   | Paralysed by a spriggan rider for 2 turns
 57320 | Lair:1   | Killed Purph's ghost
 57507 | Lair:6   | Killed plsesad's ghost
 57599 | Snake:1  | Killed Zonian's ghost
 57623 | Snake:1  | Reached skill level 16 in Unarmed Combat
 57661 | Snake:1  | Identified a scroll of acquirement
 58008 | Depths:1 | Entered Level 1 of the Depths
 58019 | Depths:1 | Identified the Tome of Destructive Stones
 58264 | Depths:1 | Reached skill level 1 in Ice Magic
 58490 | Depths:1 | Found a sparkling altar of Nemelex Xobeh.
 58498 | Depths:1 | Found a one-way gate leading to the halls of Pandemonium.
 58673 | Depths:1 | Found a one-way gate to the infinite horrors of the Abyss.
 59105 | Depths:2 | Reached XP level 25. HP: 173/173 MP: 39/43
 59511 | Depths:2 | Noticed Asterion
 59516 | Depths:2 | Killed Asterion
 59696 | Depths:2 | Found the +7 mace of Variability {chain chaos}
 59814 | Depths:3 | Identified the ring "Disk" {rF+ Str+3} (You found it on
                  | level 3 of the Depths)
 59923 | Depths:3 | Identified the +3 large shield of the Lich-sworn {+Blink
                  | rN+ Str-2}
 59923 | Depths:3 | Noticed Mennas
 59933 | Depths:3 | Killed Mennas
 59933 | Depths:3 | Reached skill level 15 in Fighting
 60284 | Depths:3 | Found a gateway to a ziggurat.
 60597 | Depths:3 | Learned a level 8 spell: Necromutation
 60737 | Depths:4 | Noticed Frederick
 60746 | Depths:4 | Killed Frederick
 61054 | Depths:4 | Identified the +3 faerie dragon scales {rCorr Str+4}
 61054 | Depths:4 | Noticed the Enchantress
 61498 | Depths:4 | Reached XP level 26. HP: 180/180 MP: 44/44
 61529 | Depths:4 | You are sucked into a shaft!
 61529 | Depths:5 | Entered Level 5 of the Depths
 61545 | Depths:5 | Reached skill level 5 in Ice Magic
 61629 | Depths:5 | Found a gate to the Realm of Zot.
 61643 | Depths:5 | Learned a level 1 spell: Apportation
 61717 | Depths:5 | Found an ancient bone altar of Kikubaaqudgha.
 61718 | Depths:5 | Found a shadowy altar of Dithmenos.
 61718 | Depths:5 | Found a bloodstained altar of Trog.
 61874 | Depths:5 | Noticed a juggernaut
 61882 | Depths:5 | Killed a juggernaut
 62128 | Depths:5 | Reached skill level 10 in Shields
 62655 | Depths:5 | Identified the +0 leather armour of Time Monsters {+Fly
                  | Int+2 Stlth+}
 62655 | Depths:5 | Identified the ring "Varokhlix" {Fire rElec}
 62827 | Depths:5 | Noticed a juggernaut
 62834 | Depths:5 | Reached XP level 27. HP: 187/187 MP: 44/44
 62834 | Depths:5 | Killed a juggernaut
 63186 | Depths:4 | Killed the Enchantress
 63186 | Depths:4 | Reached skill level 17 in Unarmed Combat
 63260 | Depths:4 | Identified the +1 hat of the Pleiades {+Fly rN+ Dex+3} (You
                  | acquired it on level 4 of the Depths)
 64218 | Hell     | Entered the Vestibule of Hell
 64218 | Hell     | Noticed Geryon
 64227 | Hell     | Killed Geryon
 64240 | Hell     | Found a gateway to the ashen valley of Gehenna.
 64619 | Hell     | Found a gateway to the Iron City of Dis.
 64700 | Hell     | Found a gateway to the freezing wastes of Cocytus.
 64784 | Hell     | Found a gateway to the decaying netherworld of Tartarus.
 64786 | Hell     | Reached skill level 10 in Necromancy
 64925 | Tar:1    | Entered Level 1 of Tartarus
 64940 | Tar:1    | Reached skill level 15 in Stealth
 66739 | Tar:6    | Reached skill level 18 in Unarmed Combat
 66982 | Tar:7    | Entered Level 7 of Tartarus
 67065 | Tar:7    | Gained mutation: You are frail. (-10% HP) [mutagenic glow]
 67135 | Tar:7    | Gained mutation: You are occasionally teleported next to
                  | monsters. [mutagenic glow]
 67136 | Tar:7    | Lost mutation: Your spells are a little harder to cast, but
                  | a little more powerful. [potion of mutation]
 67136 | Tar:7    | Lost mutation: You are frail. (-10% HP) [potion of
                  | mutation]
 67136 | Tar:7    | Lost mutation: You occasionally shout uncontrollably at
                  | your foes. [potion of mutation]
 67136 | Tar:7    | Gained mutation: You are agile. (Dex +2) [potion of
                  | mutation]
 67136 | Tar:7    | Gained mutation: Your muscles are strong. (Str +2) [potion
                  | of mutation]
 67136 | Tar:7    | Gained mutation: You have very sharp teeth. [potion of
                  | mutation]
 67716 | Tar:7    | Got a heavily runed granite ring
 67717 | Tar:7    | Identified the ring "Acoithraq" {rF- MR+ Dex+6 Slay+2} (You
                  | found it on level 7 of Tartarus)
 67727 | Tar:7    | Identified the Disquisition on Congealing Clay
 67999 | Tar:7    | Noticed Ereshkigal
 68287 | Tar:7    | Gained mutation: Your magical capacity is low. (-10% MP)
                  | [mutagenic glow]
 68294 | Tar:7    | Killed Ereshkigal
 68322 | Tar:7    | Got a bone rune of Zot
 68501 | Hell     | Gained mutation: You do not regenerate when monsters are
                  | visible. [mutagenic glow]
 68503 | Hell     | Lost mutation: Your magical capacity is low. (-10% MP)
                  | [potion of mutation]
 68503 | Hell     | Lost mutation: You are resistant to hostile enchantments.
                  | (MR+) [potion of mutation]
 68503 | Hell     | Lost mutation: Your muscles are strong. (Str +2) [potion of
                  | mutation]
 68503 | Hell     | Gained mutation: Your spells are a little harder to cast,
                  | but a little more powerful. [potion of mutation]
 68503 | Hell     | Gained mutation: You have an increased reservoir of magic.
                  | (+10% MP) [potion of mutation]
 68778 | Vaults:2 | Bought a potion of mutation for 160 gold pieces
 68778 | Vaults:2 | Lost mutation: Your spells are a little harder to cast, but
                  | a little more powerful. [potion of mutation]
 68778 | Vaults:2 | Lost mutation: You have a pair of small horns on your head.
                  | [potion of mutation]
 68778 | Vaults:2 | Gained mutation: You are partially covered in yellow
                  | scales. (AC +2) [potion of mutation]
 68960 | D:8      | Bought a potion of mutation for 232 gold pieces
 68960 | D:8      | Bought a thick hardcover book for 435 gold pieces
 68960 | D:8      | Lost mutation: You have an increased reservoir of magic.
                  | (+10% MP) [potion of mutation]
 68960 | D:8      | Lost mutation: You are occasionally teleported next to
                  | monsters. [potion of mutation]
 68960 | D:8      | Gained mutation: Your magical capacity is low. (-10% MP)
                  | [potion of mutation]
 68960 | D:8      | Gained mutation: You expend magic power (3 MP) to
                  | strengthen your wands. [potion of mutation]
 69254 | Geh:1    | Entered Level 1 of Gehenna
 70127 | Geh:7    | Entered Level 7 of Gehenna
 71416 | Geh:3    | Reached skill level 19 in Unarmed Combat
 71658 | Geh:7    | Identified the +5 flail "Aguicw" {venom, MR+ Str+2 Dex-5
                  | SInv}
 71716 | Geh:7    | Identified the +7 sceptre of Asmodeus
 71716 | Geh:7    | Identified the ring "Mopes" {*Slow rF+ Dex+3 Slay+3}
 71716 | Geh:7    | Noticed Asmodeus
 71726 | Geh:7    | Killed Asmodeus
 71741 | Geh:7    | Got an obsidian rune of Zot
 71842 | Geh:7    | Identified the cursed -5 helmet of the True Pharaoh {rPois}
                  | (You found it on level 7 of Gehenna)
 72422 | Vaults:5 | Entered Level 5 of the Vaults
 72445 | Vaults:5 | Noticed an ancient lich
 72581 | Vaults:5 | Killed an ancient lich
 72586 | Vaults:5 | Noticed an ancient lich
 72590 | Vaults:5 | Killed an ancient lich
 72594 | Vaults:5 | HP: 1/291 [stone giant/large rock (41)]
 72598 | Vaults:5 | Slain by a tengu reaver

Vault maps used:
D:1:      ncdulo_halloftheorcs, minmay_quantized
D:2:      dk_xom_monty_hall, uniq_jessica
D:3:      overflow_temple_1_default, overflow_temple_1_default,
          cheibriados_altar_1
D:4:      minmay_chambers_of_twos, lemuel_round_altar, serial_shops, shop,
          hangedman_abyss_or_decor_slice, uniq_blork_the_orc
D:5:      minmay_opposing_rooms, lemuel_doored_altar, minmay_temple_entry_ruins,
          serial_shops, kennysheep_mini, first_ration, tgw_trog
D:6:      nicolae_gozag_zags_fifth_avenue
D:7:      led_sif_book, kennysheep_mini_moat, gammafunk_ghost_nasty_kobolds,
          uniq_pikel, uniq_duvessa
D:8:      lair_entry_dummy, serial_shops, kennysheep_little_box, shop,
          hangedman_misty_isle, uniq_prince_ribbit1, uniq_psyche
D:9:      nicolae_ru_awakened_eye, serial_shops, shop
D:10:     orc_0_dummy, nicolae_trove_entry_free_sample, grunt_tengu_nest,
          uniq_urug, uniq_nergalle
D:11:     minmay_spotlight, uniq_fannar, uniq_harold
D:12:     minivault_5
D:13:     erik_vaults_1, uniq_sonja
D:14:     minmay_door_square, uniq_rupert
D:15:     hangedman_depths_entry_try_elsewhere_first
Temple:   dpeg_chambers_temple
Lair:1:   gammafunk_ghost_wrathful_warriors, chequers_serial_rivers_room_b
Lair:2:   chequers_serial_rivers_micro_e
Lair:3:   minmay_swamp_entry_worms, beast_lair_carwin_10
Lair:4:   minmay_lair_venomous_thicket, minmay_snake_entry_guardpost_medium,
          uniq_snorg
Lair:5:   guppyfry_lair_drakes
Lair:6:   evil_forest, minmay_slime_entry_oklob_open,
          nicolae_volcano_entry_vermiform, ebering_ghost_xom, minivault_25
Swamp:1:  cheibrodos_swamp_tower_of_moss, evilmike_swamp_ruin_house_2,
          swamp_pool2, infiniplex_staircase_pool
Swamp:2:  hangedman_swamp_cone, uniq_frances, uniq_jorgrun
Swamp:3:  evilmike_swamp_ruin_house_1, swamp_pool4, uniq_louise
Swamp:4:  swamp_vile, gammafunk_ghost_berserking_beasts
Snake:1:  gammafunk_ghost_wrathful_warriors, hangedman_venom_bottle
Snake:2:  grunt_ministairs_2, stair_cage_cross, serial_bayou_ford_a,
          st_stairs_9, nicolae_snake_shapes
Snake:3:  uniq_roxanne
Snake:4:  minmay_snake_end_coiled, serial_shops, shop,
          nicolae_snake_serpentine_hallways
Orc:2:    grunt_orc_gardens, grunt_orc_garden, grunt_orc_garden,
          grunt_orc_garden, grunt_orc_garden, portal_ice_cave_rime, uniq_azrael
Elf:1:    serial_shops, nicolae_shop_behind_doors, minmay_elf_crystal_hexagon
Elf:2:    minmay_shop_grove, uniq_donald
Elf:3:    minmay_elf_hall_furrowed, st_stairs_6
Vaults:1: vaults_room_semicircle, v_pattern_5, v_alt_pattern_6,
          grunt_vaults_swirl, nicolae_vaults_little_squares_5, v_rooms_1,
          vaults_mumra_lcd, nicolae_vaults_meeting, nicolae_vaults_network_star,
          v_rooms_4, vaults_room_door_ring
Vaults:2: nicolae_vaults_triangles, dpeg_vaults_monster_box,
          ontoclasm_vaults_twist, nicolae_vaults_network_periphery,
          vaults_mumra_chevron, vaults_room_stairs_pillars,
          nicolae_vaults_sealed_display, grunt_vaults_funnel, serial_shops,
          nicolae_shop_stone, uniq_mara
Vaults:3: hangedman_vaults_trim, minmay_crypt_entry_necro_gods, v_pattern_1,
          nicolae_vaults_network_s, hangedman_vaults_hard_town_square,
          nicolae_vaults_little_squares_5, v_misc_3
Vaults:4: ontoclasm_vaults_chip, v_misc_28, v_misc_10, ontoclasm_vaults_eye,
          ontoclasm_vaults_bender, nicolae_vaults_little_squares_4,
          v_alt_pattern_6, nicolae_vaults_stairing_the_circle,
          ontoclasm_vaults_ring_square, v_misc_22,
          ontoclasm_vaults_loading_screen, serial_shops, bzr_entry_gold
Crypt:1:  hangedman_staggered_hall, gammafunk_ghost_spectres,
          grunt_crypt_arrival_split
Crypt:3:  grunt_crypt_end_deaths_head
Depths:1: minmay_skeletal_surprise, abyss_entry, rand_demon_pan_entry_7,
          grunt_hell_entry_dis_mu, nemelex_xobeh_ov_fountains_minmay,
          nrook_pool_corridor, minmay_misc_feat_more_columns, lightli_minifort
Depths:2: minmay_the_grid_4x2, hell_entry, serial_glass, glass_columns_a,
          glass_columns_c, pan_entry, uniq_asterion
Depths:3: cheibrodos_quadrivalence, enter_ziggurat_e, rand_demon_pan_entry_8,
          hell_entry, lemuel_flamethrower_hall, uniq_mennas
Depths:4: hangedman_elemental_death_ray, lightli_too_deep, abyss_entry,
          minivault_16, serial_bayou_crossing, kennysheep_random_hallway,
          serial_bayou_shore_b, uniq_enchantress, uniq_frederick
Depths:5: hangedman_slaughterboxes, pan_entry, hell_entry
Geh:3:    minmay_fire_ice_demons
Geh:4:    lemuel_flamethrower_2
Geh:6:    lemuel_flamethrower_3
Geh:7:    geh_grunt_pentagon
Tar:1:    nicolae_tar_cuneiform_sun
Tar:2:    nicolae_tar_cuneiform_water
Tar:5:    grunt_megastairs_2
Tar:6:    grunt_deathspiral_small
Tar:7:    tar_old
Abyss:3:  bh_abyss_exit_spiral
Bazaar:   bazaar_lake
Trove:    trove_books_scrolls
IceCv:    ice_cave_small_dragons
Volcano:  volcano_bunker

Skill      XL: |  1  2  3  4  5  6  7  8  9 10 11 12 13 14 15 16 17 18 19 20 21 22 23 24 25 26 27 |
---------------+----------------------------------------------------------------------------------+-----
Fighting       | 1 2 3 4 5 6 7 8 9 10 11 12 13 14 15 17 | 17.7
Unarmed Combat | 3 4 5 6 7 8 9 10 11 12 13 14 15 16 19 | 19.1
Spellcasting   | 3 5 6 7 8 10 11 12 13 14 15 16 17 18 | 18.6
Transmutations | 3 4 6 7 8 9 10 11 12 13 14 15 17 | 17.7
Dodging        | 2 3 5 6 7 8 9 10 11 14 | 14.3
Evocations     | 1 2 3 4 |  4.6
Armour         | 2 4 5 6 |  6.5
Earth Magic    | 3 4 5 6 8 |  8.9
Stealth        | 3 4 6 7 9 10 11 12 13 14 17 | 17.7
Hexes          | 3 4 5 6 |  6.4
Charms         | 2 4 5 |  5.0
Necromancy     | 3 4 5 7 8 13 | 13.6
Shields        | 3 5 6 7 8 9 10 13 | 13.8
Translocations | 2 4 5 6 |  6.1
Ice Magic      | 2 4 6 8 |  8.9

Action                   |  1- 3 |  4- 6 |  7- 9 | 10-12 | 13-15 | 16-18 | 19-21 | 22-24 | 25-27 || total
-------------------------+-------+-------+-------+-------+-------+-------+-------+-------+-------++-------
Melee: Unarmed           |    90 |   156 |   357 |   473 |   945 |  1035 |   915 |  1148 |  2665 ||  7784
       Headbutt          |     2 |       |       |       |       |       |    34 |    26 |   396 ||   458
       Punch             |     1 |     1 |    10 |    17 |    33 |    45 |    35 |    80 |   117 ||   339
       Staff             |       |       |       |       |    18 |    16 |       |       |     3 ||    37
       Tailslap          |       |       |       |       |       |    43 |    54 |   162 |   193 ||   452
       Bite              |       |       |       |       |       |    23 |    34 |   140 |   223 ||   420
 Cast: Beastly Appendage |     3 |       |       |       |       |       |       |       |       ||     3
       Spider Form       |     2 |    14 |    15 |     1 |     1 |       |       |       |       ||    33
       Blade Hands       |       |       |       |    46 |    95 |    64 |     1 |       |     2 ||   208
       Petrify           |       |       |       |     2 |       |       |       |       |       ||     2
       Sticks to Snakes  |       |       |       |       |     4 |       |       |     6 |       ||    10
       Regeneration      |       |       |       |       |       |    27 |    93 |    90 |   270 ||   480
       Dragon Form       |       |       |       |       |       |    31 |    36 |    67 |    79 ||   213
       Statue Form       |       |       |       |       |       |       |    42 |     2 |    75 ||   119
       Borgnjor's Vile C |       |       |       |       |       |       |     2 |    12 |    35 ||    49
       Lesser Beckoning  |       |       |       |       |       |       |       |     1 |       ||     1
       Apportation       |       |       |       |       |       |       |       |       |     2 ||     2
       Metabolic Englaci |       |       |       |       |       |       |       |       |     1 ||     1
Invok: Lunge             |       |       |     8 |    45 |    78 |    96 |   125 |   145 |   342 ||   839
       Whirlwind         |       |       |     3 |    69 |   251 |   257 |   241 |   345 |   730 ||  1896
       Wall Jump         |       |       |       |    35 |    65 |    46 |    67 |    87 |   157 ||   457
       Serpent's Lash    |       |       |       |     8 |    17 |    20 |    11 |    10 |    22 ||    88
       Heavenly Storm    |       |       |       |       |       |       |       |       |     1 ||     1
 Abil: Charm Monsters    |     3 |     3 |     8 |     7 |    16 |    14 |    15 |    11 |    44 ||   121
       Evoke Berserk Rag |       |       |       |    13 |    11 |     6 |     1 |       |     4 ||    35
       End Transformatio |       |       |       |     2 |       |     2 |     5 |     1 |     2 ||    12
       Wall Jump         |       |       |       |       |     1 |       |     1 |     1 |     1 ||     4
       Breathe Fire      |       |       |       |       |       |     1 |       |     4 |     5 ||    10
       Evoke Blink       |       |       |       |       |       |       |       |       |     1 ||     1
Evoke: Wand              |       |       |       |       |     2 |     1 |     1 |       |       ||     4
       Lamp of fire      |       |       |       |       |     1 |     2 |       |     1 |       ||     4
       Staff of energy   |       |       |       |       |       |     5 |    19 |       |    43 ||    67
  Use: Scroll            |       |       |     2 |     5 |    15 |    28 |     8 |    20 |    27 ||   105
       Potion            |       |       |       |     6 |     4 |    10 |     2 |     1 |    18 ||    41
 Stab: Sleeping          |     1 |     3 |     3 |    11 |    13 |    12 |    12 |    29 |    41 ||   125
       Betrayed ally     |       |     1 |     4 |     3 |     7 |    14 |     4 |    13 |    27 ||    73
       Distracted        |       |       |     2 |     1 |     4 |     6 |     3 |     2 |    22 ||    40
       Petrified         |       |       |       |     3 |       |       |       |       |       ||     3
       Paralysed         |       |       |       |       |       |       |       |     2 |       ||     2
       Invisible         |       |       |       |       |       |       |       |       |     4 ||     4
  Eat: Chunk             |     1 |    11 |    15 |    41 |    43 |    17 |    50 |    45 |    44 ||   267
       Ration            |       |       |     2 |     2 |     9 |    11 |     3 |     8 |    26 ||    61
Armor: Robe              |    13 |    13 |    46 |     8 |       |       |       |       |       ||    80
       Skin              |       |     5 |     4 |       |       |   124 |   223 |   256 |   586 ||  1198
       Steam dragon scal |       |       |       |    70 |       |       |    12 |    10 |     1 ||    93
       Swamp dragon scal |       |       |       |    36 |   226 |   267 |       |       |       ||   529
       Pearl dragon scal |       |       |       |       |       |       |       |       |    13 ||    13
Dodge: Dodged            |    62 |    96 |   224 |   228 |   421 |   519 |   354 |   361 |   994 ||  3259
Block: Buckler           |       |       |       |       |       |       |    99 |    44 |       ||   143
       Shield            |       |       |       |       |       |       |    11 |     7 |   981 ||   999
       Reflection        |       |       |       |       |       |       |     8 |     3 |     1 ||    12

Table legend:
 A = Non-vault XP
 B = Vault XP
 C = Vault XP percentage of total XP
 D = Non-vault monster count
 E = Vault monster count
 F = Vault count percentage of total count
                 A         B        C        D         E       F
            +---------+---------+-------+---------+---------+-------
      Total | 1032934 |  772224 |  42.8 |    2069 |     940 |  31.2
            +---------+---------+-------+---------+---------+-------
        D:1 |      47 |       1 |   2.1 |      21 |       1 |   4.5
        D:2 |      55 |     127 |  69.8 |      15 |       4 |  21.1
        D:3 |     193 |       0 |   0.0 |      30 |       0 |   0.0
        D:4 |     343 |     262 |  43.3 |      15 |       6 |  28.6
        D:5 |     949 |     109 |  10.3 |      22 |      10 |  31.2
        D:6 |     691 |       0 |   0.0 |      22 |       0 |   0.0
        D:7 |     276 |    1796 |  86.7 |       4 |      11 |  73.3
        D:8 |    1153 |    1476 |  56.1 |      21 |       8 |  27.6
        D:9 |    1259 |       0 |   0.0 |      23 |       0 |   0.0
       D:10 |    2215 |    1985 |  47.3 |      20 |       3 |  13.0
       D:11 |    4985 |    2364 |  32.2 |      38 |       7 |  15.6
       D:12 |    6296 |       0 |   0.0 |      47 |       0 |   0.0
       D:13 |    9995 |    2603 |  20.7 |      28 |       3 |   9.7
       D:14 |    6012 |    2954 |  32.9 |      19 |       1 |   5.0
       D:15 |    7180 |    2834 |  28.3 |      27 |       4 |  12.9
     Temple |     110 |       0 |   0.0 |       1 |       0 |   0.0
     Lair:1 |    4779 |    2410 |  33.5 |      19 |       7 |  26.9
     Lair:2 |    4237 |       0 |   0.0 |      11 |       0 |   0.0
     Lair:3 |    4659 |    1669 |  26.4 |      18 |      12 |  40.0
     Lair:4 |    6240 |    3024 |  32.6 |      22 |      16 |  42.1
     Lair:5 |    5043 |     467 |   8.5 |      24 |       4 |  14.3
     Lair:6 |   12528 |   12771 |  50.5 |      39 |      31 |  44.3
    Swamp:1 |   10047 |    2166 |  17.7 |      32 |       1 |   3.0
    Swamp:2 |   12453 |    5431 |  30.4 |      37 |       2 |   5.1
    Swamp:3 |   10642 |    2571 |  19.5 |      29 |       2 |   6.5
    Swamp:4 |    6385 |   19837 |  75.7 |      19 |      35 |  64.8
    Snake:1 |    6760 |   12078 |  64.1 |      13 |      29 |  69.0
    Snake:2 |   27103 |    7091 |  20.7 |      58 |      13 |  18.3
    Snake:3 |   17492 |    1919 |   9.9 |      33 |       1 |   2.9
    Snake:4 |   14949 |   21359 |  58.8 |      32 |      39 |  54.9
      Orc:1 |    5757 |       0 |   0.0 |      28 |       0 |   0.0
      Orc:2 |    5936 |    8384 |  58.5 |      44 |      30 |  40.5
      Elf:1 |   14392 |    4931 |  25.5 |      27 |       9 |  25.0
      Elf:2 |    9145 |   27608 |  75.1 |      11 |      32 |  74.4
      Elf:3 |   18929 |   35454 |  65.2 |      36 |      25 |  41.0
   Vaults:1 |   20299 |   31034 |  60.5 |      40 |      46 |  53.5
   Vaults:2 |   26546 |   17340 |  39.5 |      60 |      17 |  22.1
   Vaults:3 |   20631 |   13751 |  40.0 |      35 |      23 |  39.7
   Vaults:4 |   17956 |   16726 |  48.2 |      34 |      22 |  39.3
   Vaults:5 |    1079 |   28335 |  96.3 |       2 |      23 |  92.0
    Crypt:1 |   24136 |   18159 |  42.9 |      48 |      23 |  32.4
    Crypt:2 |   28935 |       0 |   0.0 |      38 |       0 |   0.0
    Crypt:3 |       0 |   81493 | 100.0 |       0 |     121 | 100.0
   Depths:1 |   29193 |    6291 |  17.7 |      42 |       7 |  14.3
   Depths:2 |   17121 |   33939 |  66.5 |      29 |      23 |  44.2
   Depths:3 |   22862 |    9579 |  29.5 |      32 |       3 |   8.6
   Depths:4 |   41502 |   32665 |  44.0 |      49 |      33 |  40.2
   Depths:5 |       0 |  135557 | 100.0 |       0 |      87 | 100.0
       Hell |   30014 |   33802 |  53.0 |      57 |      49 |  46.2
      Geh:1 |    1847 |       0 |   0.0 |       4 |       0 |   0.0
      Geh:2 |     700 |       0 |   0.0 |       2 |       0 |   0.0
      Geh:3 |    8672 |       0 |   0.0 |      23 |       0 |   0.0
      Geh:4 |   20174 |       0 |   0.0 |      41 |       0 |   0.0
      Geh:5 |   17326 |       0 |   0.0 |      44 |       0 |   0.0
      Geh:6 |   22838 |       0 |   0.0 |      40 |       0 |   0.0
      Geh:7 |   58300 |   49071 |  45.7 |     101 |      36 |  26.3
      Tar:1 |    8422 |       0 |   0.0 |      21 |       0 |   0.0
      Tar:2 |   39872 |       0 |   0.0 |      54 |       0 |   0.0
      Tar:3 |   56092 |       0 |   0.0 |      68 |       0 |   0.0
      Tar:4 |   86499 |       0 |   0.0 |      97 |       0 |   0.0
      Tar:5 |   24176 |     455 |   1.8 |      37 |       2 |   5.1
      Tar:6 |   43899 |   19552 |  30.8 |      51 |      21 |  29.2
      Tar:7 |  103647 |   46916 |  31.2 |     103 |      27 |  20.8
    Abyss:3 |   20961 |       0 |   0.0 |      32 |       0 |   0.0
      IceCv |       0 |    5375 | 100.0 |       0 |      20 | 100.0
    Volcano |       0 |    6503 | 100.0 |       0 |      11 | 100.0
            +---------+---------+-------+---------+---------+-------
